 Dungeon Crawl Stone Soup version 0.24.0-13-gcf9b319 (webtiles) character file.

Game seed: 17409225654800421970, levelgen mode: deterministic

82 Fang the Skirmisher (level 4, -6/29 HPs)
             Began as a Gargoyle Berserker on Dec 4, 2019.
             Was a Follower of Trog.
             Mangled by Sigmund
             ... wielding a +0 scythe
              (12 damage)
             ... on level 2 of the Dungeon.
             The game lasted 00:00:49 (1299 turns).

Fang the Skirmisher (Gargoyle Berserker)            Turns: 1299, Time: 00:00:50

Health: -6/29      AC:  5    Str: 22    XL:     4   Next: 43%
Magic:  4/4        EV: 12    Int:  7    God:    Trog [*.....]
Gold:   34         SH:  0    Dex:  9    Spells: 3/3 levels left

rFire    . . .     SeeInvis .   a - +0 hand axe
rCold    . . .     Gourm    .   (no shield)
rNeg     + . .     Faith    .   b - +0 animal skin
rPois    ∞         Spirit   .   (no helmet)
rElec    +         Reflect  .   (no cloak)
rCorr    .         Harm     .   (no gloves)
MR       +....                  (no boots)
Stlth    +.........             (no amulet)
HPRegen  0.09/turn              g - ring of protection from magic
MPRegen  0.09/turn              (no ring)

@: berserk cooldown, slowed, very slow
A: negative energy resistance 1, electricity resistance, unbreathing,
petrification resistance, rot immunity, AC +3
a: Berserk, Renounce Religion


You were on level 2 of the Dungeon.
You worshipped Trog.
Trog was aware of your devotion.
You were hungry.

You visited 1 branch of the dungeon, and saw 2 of its levels.

You collected 34 gold pieces.

Inventory:

Hand Weapons
 a - a +0 hand axe (weapon)
Armour
 b - a +0 animal skin (worn)
Jewellery
 g - a ring of protection from magic (left hand)
 i - an uncursed ring of protection from cold {unknown}
Scrolls
 d - 3 scrolls of identify {unknown}
 e - a scroll of fear {unknown}
 h - a scroll of remove curse {unknown}
Comestibles
 c - 3 rations
 f - 4 chunks of flesh


   Skills:
 + Level 4.0 Fighting
 + Level 3.3 Axes
 + Level 3.1 Armour
 + Level 2.2 Dodging


You had 3 spell levels left.
You didn't know any spells.
Your spell library was empty.

Dungeon Overview and Level Annotations

Branches:
Dungeon (2/15)

Altars:

Annotations:
D:2 Sigmund


Innate Abilities, Weirdness & Mutations

You are resistant to torment.
Your stone body is resilient. (AC +3)
You are immune to poison.
You resist negative energy. (rN+)
You are resistant to electric shocks. (rElec)
You can survive without breathing.
You are immune to petrification.
You are immune to rotting.


Message History

You barely miss something. The bat completely misses you.
Something barely misses you.
You closely miss something. You closely miss the bat.
The bat closely misses you. The bat hits you but does no damage.
You closely miss something. You miss the bat.
You are no longer berserk.
You are exhausted.
You feel yourself slow down. The bat misses you. Something hits you!
* * * LOW HITPOINT WARNING * * *
The bat closely misses you.
You closely miss something. You closely miss the bat.
The bat closely misses you. x2; Something hits you.
* * * LOW HITPOINT WARNING * * *
You hit something.
Your skin stops crawling.
You feel less resistant to hostile enchantments.
The bat misses you. Something barely misses you.
You closely miss something. The bat hits you but does no damage.
Something hits you!
You die...

#....#.#.#.>#
######.#.#.## #.#.#
#.# ##'#+####..
#..÷.......
+.........#
#.#######.........#
#...{@............#
......b####.........#
#...... #.........#
#...... #$........#
#...... #.........#
#...... ##########
#######


You could see a bat.

Vanquished Creatures
  Jessica (D:2)
  An adder (D:2)
  A gnoll (D:1)
  An ooze (D:1)
  A worm (D:2)
  2 dart slugs
  A giant cockroach (D:1)
  4 goblins (D:1)
  6 hobgoblins
  4 bats (D:1)
  A frilled lizard (D:2)
  4 kobolds (D:1)
  A rat (D:1)
28 creatures vanquished.

Notes
Turn   | Place    | Note
-------+----------+-------------------------------------------
     0 | D:1      | Fang the Gargoyle Berserker began the quest for the Orb.
     0 | D:1      | Reached XP level 1. HP: 14/14 MP: 1/1
    36 | D:1      | Reached XP level 2. HP: 19/19 MP: 2/2
   651 | D:1      | Reached XP level 3. HP: 23/23 MP: 3/3
   920 | D:1      | Reached ** piety under Trog
  1228 | D:2      | Noticed Jessica
  1231 | D:2      | Killed Jessica
  1231 | D:2      | Reached XP level 4. HP: 20/29 MP: 4/4
  1278 | D:2      | Noticed Sigmund
  1285 | D:2      | Reached skill level 4 in Fighting
  1299 | D:2      | Mangled by Sigmund

Levels and vault maps discovered:
D:1:      dpeg_arrival_rooms_with_view, layout_basic
D:2:      layout_basic, kennysheep_okawaru_gauntlet, uniq_sigmund, uniq_jessica

Skill      XL: |  1  2  3  4 |
---------------+-------------+-----
Axes           | 3 |  3.3
Dodging        | 2 |  2.2
Armour         | 3 |  3.1
Fighting       | 4 |  4.0

Action                   |  1- 3 |  4- 6 || total
-------------------------+-------+-------++-------
Melee: Hand axe          |    82 |    17 ||    99
Invok: Berserk           |     1 |     1 ||     2
       Trog's Hand       |       |     1 ||     1
  Eat: Chunk             |     1 |     1 ||     2
Armor: Animal skin       |    37 |     5 ||    42
Dodge: Dodged            |    68 |    14 ||    82
